 Dungeon Crawl Stone Soup version 0.20.1-1-g8b1a95d (webtiles) character file.

37 KleinerIrrer the Grave Robber (level 3, -10/24 HPs)
             Began as a Mummy Necromancer on July 5, 2017.
             Blown up by Ijyb (15 damage)
             ... with a wand of disintegration (?/24)
             ... on level 2 of the Dungeon.
             The game lasted 00:04:48 (1662 turns).

KleinerIrrer the Grave Robber (Mummy Necromancer)   Turns: 1662, Time: 00:04:49

Health: -10/24     AC:  5    Str: 11    XL:     3   Next: 23%
Magic:  1/7        EV: 10    Int: 15    God:
Gold:   104        SH:  0    Dex: 12    Spells: 6/8 levels left

rFire    x . .     SeeInvis .   i - -2 whip (curse)
rCold    + . .     Gourm    .   (no shield)
rNeg     + + +     Faith    .   c - +0 ring mail
rPois    ∞         Spirit   .   (no helmet)
rElec    .         Reflect  .   (no cloak)
rCorr    .         Harm     .   (no gloves)
MR       .....                  (no boots)
Stlth    +.........             (no amulet)
Regen    0.1/turn               (no ring)
MPRegen  0.1/turn               (no ring)

@: very slightly contaminated
A: no food or potions, fire vulnerability, cold resistance 1, negative energy
resistance 3, torment resistance, unbreathing
a: no special abilities


You were on level 2 of the Dungeon.
You were not hungry.

You visited 1 branch of the dungeon, and saw 3 of its levels.

You collected 104 gold pieces.

Inventory:

Hand Weapons
 e - a +1 dagger
 i - a cursed -2 whip (weapon)
Armour
 a - a +0 robe
 c - a +0 ring mail (worn)
 h - a +0 chain mail
Jewellery
 f - an uncursed ring of fire
Scrolls
 d - a scroll of magic mapping
 g - a scroll of immolation {unknown}
 j - a scroll of blinking {unknown}
 k - a scroll of teleportation {unknown}
Books
 b - a book of Necromancy

   Spells                             Type                      Level
   a - Pain                           Necromancy                   1
   b - Animate Skeleton               Necromancy                   1
   c - Vampiric Draining              Necromancy                   3
   d - Regeneration                   Charms/Necromancy            3
   e - Animate Dead                   Necromancy                   4
   f - Control Undead                 Necromancy                   4


   Skills:
 + Level 1.6 Dodging
 + Level 1.6 Stealth
 - Level 0.1 Unarmed Combat
 + Level 3.3 Spellcasting
 + Level 4.7 Necromancy


You had 6 spell levels left.
You knew the following spells:

 Your Spells              Type           Power        Failure   Level  Hunger
a - Pain                  Necr           ###.         7%          1    N/A
b - Animate Skeleton      Necr           N/A          7%          1    N/A

Dungeon Overview and Level Annotations

Branches:
Dungeon (3/15)

Altars:

Annotations:
D:2 Ijyb


Innate Abilities, Weirdness & Mutations

You do not eat or drink.
Your flesh is vulnerable to fire.
You are immune to poison.
Your flesh is cold resistant. (rC+)
You are immune to negative energy. (rN+++)
You are immune to unholy pain and torment.
You can survive without breathing.


Message History

Press: ? - help, Shift-Dir - straight line, f - Ijyb
Aim: Ijyb, wearing a leather armour and carrying a wand of disintegration (?/24) {zapped: 2} (lightly wounded, chance to defeat MR: 81%) Ijyb writhes in agony!
Ijyb zaps a wand.
You are blasted!
* * * LOW HITPOINT WARNING * * *
Casting: Pain
Confirm with . or Enter, or press ? or * to list all spells.
Aiming: Pain
Press: ? - help, Shift-Dir - straight line, f/p - Ijyb
Aim: Ijyb, wearing a leather armour and carrying a wand of disintegration (?/24) {zapped: 3} (heavily wounded, chance to defeat MR: 81%)
You miscast Pain.
You are very lightly contaminated with residual magic.
You sense a malignant aura.
Ijyb closely misses you.
Casting: Pain
Confirm with . or Enter, or press ? or * to list all spells.
Aiming: Pain
Press: ? - help, Shift-Dir - straight line, f/p - Ijyb
Aim: Ijyb, wearing a leather armour and carrying a wand of disintegration (?/24) {zapped: 3} (heavily wounded, chance to defeat MR: 81%) Ijyb barely resists.
Ijyb zaps a wand.
You are blasted!
Ouch! That really hurt!
You die...

#.# #.# ##.###.#
##### #.# #.#
##...##.# ...)#####
#.# #.###.#.#.#.#
........####.#
#...........#
###..........#
#####.#.#.### #
#####.######
##...## # #.# ##.##
#
#.###############.#
#.........@g......#
###################


You could see Ijyb.

Vanquished Creatures
  An adder (D:2)
  A dart slug (D:1)
  A bat (D:2)
  A giant cockroach (D:2)
  3 goblins (D:1)
  3 hobgoblins
  5 frilled lizards
  3 kobolds
  12 rats (D:1)
30 creatures vanquished.

Vanquished Creatures (collateral kills)
  A rat (D:1)
1 creature vanquished.

Grand Total: 31 creatures vanquished

Notes
Turn   | Place    | Note
-------+----------+-------------------------------------------
     0 | D:1      | KleinerIrrer the Mummy Necromancer began the quest for the Orb.
     0 | D:1      | Reached XP level 1. HP: 13/13 MP: 4/4
    17 | D:1      | Learned a level 1 spell: Animate Skeleton
   180 | D:1      | Reached XP level 2. HP: 19/19 MP: 1/5
  1180 | D:2      | Reached XP level 3. HP: 22/24 MP: 2/7
  1653 | D:3      | Noticed Ijyb
  1662 | D:2      | Blown up by Ijyb

Skill      XL: |  1  2 |
---------------+-------+-----
Spellcasting   | 3 |  3.3
Dodging        | |  1.6
Stealth        | |  1.6
Unarmed Combat | |  0.1
Necromancy     | |  4.7

Action                   || total
-------------------------++-------
Melee: Unarmed           ||    33
       Dagger            ||     1
 Cast: Pain              ||    45
       Animate Skeleton  ||     3
  Use: Scroll            ||     3
Armor: Robe              ||     1
       Ring mail         ||     7
Dodge: Dodged            ||    19
